Cogmind - Beta 16 --- EXPLORER MODE // 2025.11.24 @ 09:22:40 Player: K.K.Y. Result: Destroyed by BC-ML2(R) with Subdweller Beam Cannon Performance ------------- Evolutions (0) 0 Regions Visited (3) 600 Robots Destroyed (14) 70 Value Destroyed (469) 469 Prototype IDs (1) 20 Alien Tech Used (0) 0 Bonus (65) 65 TOTAL SCORE: 1224 Bonus ------- Follower Combat Kills 65 Cogmind --------- Core Integrity 0/250 Matter 254/300 Energy 99/100 System Corruption 0% Temperature Cool (9) Movement Core (300) Ox5 Location -10/Subcaves Parts ------- > --- POWER (1) -------- (None) > --- PROPULSION (2) --- (None) > --- UTILITY (3) ------ Medium Storage Unit Makeshift Light Armor Plating > --- WEAPON (2) ------- Barrage Gun > --- INVENTORY (10) --- Light Nuclear Core Huge Storage Unit Light Humpback Machine Analyzer EM Pulse Gun Subdweller Beam Cannon Battle Cannon Mining Laser Mining Laser Peak State ------------ > --- POWER ------------ Light Nuclear Core > --- PROPULSION ------- Light Treads > --- UTILITY ---------- Medium Storage Unit Light Armor Plating Makeshift Light Armor Plating > --- WEAPON ----------- Battle Rifle Barrage Gun > --- INVENTORY -------- Light Nuclear Core Huge Storage Unit Light Humpback Machine Analyzer EM Pulse Gun Subdweller Beam Cannon Mining Laser Mining Laser [Rating: 16] Favorites ----------- Power Ion Engine Engine Ion Engine Power Core Light Nuclear Core Propulsion Light Treads Treads Light Treads Utility Medium Storage Unit Device ECM Suite Storage Medium Storage Unit Protection Makeshift Light Armor Plating Weapon Assault Rifle Ballistic Gun Assault Rifle Impact Weapon Hammer Build | -11 -10 -10 -10 ------- Run | Yrd Mat Min Sub Slots Evolved 1 | . 1 . . Power . | . . . . Propulsion . | . . . . Utility 1 | . 1 . . Weapon . | . . . . Parts Attached 17 | 7 . . 10 Power 4 | 1 . . 3 Engine 2 | 1 . . 1 Core 2 | . . . 2 Reactor . | . . . . Propulsion 3 | 2 . . 1 Treads 3 | 2 . . 1 Leg . | . . . . Wheel . | . . . . Hover . | . . . . Flight . | . . . . Utility 5 | 2 . . 3 Device 2 | 1 . . 1 Storage 1 | 1 . . . Processor . | . . . . Hackware . | . . . . Protection 2 | . . . 2 Artifact . | . . . . Weapon 5 | 2 . . 3 Energy Gun . | . . . . Energy Cannon . | . . . . Ballistic Gun 4 | 2 . . 2 Ballistic Cannon . | . . . . Launcher . | . . . . Special Weapon . | . . . . Impact Weapon 1 | . . . 1 Slashing Weapon . | . . . . Piercing Weapon . | . . . . Special Melee Weapon . | . . . . Unidentified Prototypes 1 | . . . 1 Parts Lost 9 | . . . 9 Power 2 | . . . 2 Propulsion 2 | . . . 2 Utility 2 | . . . 2 Weapon 3 | . . . 3 Highest Loss Streak 5 | . . . 5 To Critical Strikes 1 | . . . 1 Average Backups 5 | 1 2 4 7 Power . | . . . . Propulsion . | . . . . Utility 2 | 1 1 2 2 Weapon 2 | . . 2 4 Tool/Special . | . . . . Unused Backups 8 | . . . 8 Power . | . . . . Propulsion . | . . . . Utility 3 | . . . 3 Weapon 5 | . . . 5 Tool/Special . | . . . . Average Slot Usage (%) 83 | . 87 87 80 Engine 6 | . 12 12 3 Core 4 | . . . 7 Treads 18 | . 25 25 13 Device 10 | . 12 12 8 Storage 12 | . 12 12 12 Protection 7 | . . . 11 Ballistic Gun 21 | . 25 25 19 Impact Weapon 2 | . . . 3 Peak Build Rating 16 | 7 7 8 16 Average Rating 10 | 4 7 7 13 On Entrance 5 | . 7 7 8 Avg Prop Armor Cover (%) . | . . . . Naked Turns . | . . . . Heaviest Build 29 | 21 21 21 29 Greatest Support 40 | 40 40 40 40 Greatest Overweight (x) 7 | 1 . . 7 Average Overweight (x) . | . . . . Largest Inventory Capacity 10 | 10 10 10 10 Average Capacity 9 | 7 10 10 10 Most Carried 10 | 5 4 5 10 Average Carried 6 | 2 2 4 8 Final Capacity 10 | 10 10 10 10 Final Carried 10 | 1 4 5 10 Class Distribution -------------------- 100% | Hacker-Mutant Dominant Class ---------------- Hacker-Mutant | -10/Materials Hacker-Mutant | -10/Mines Hacker-Mutant | -10/Subcaves Resources | -11 -10 -10 -10 ----------- Run | Yrd Mat Min Sub Matter Collected 656 | 217 155 12 272 Remotely . | . . . . Salvage Created 588 | . 180 14 394 Parts 37 | . 6 1 30 Haulers Intercepted 1 | . 1 . . Recyclers Shooed . | . . . . Parts Field Recycled . | . . . . Retrieved Matter . | . . . . Parts Self-Destructed . | . . . . Prevented . | . . . . Parts Restored . | . . . . Kills | -11 -10 -10 -10 ------- Run | Yrd Mat Min Sub Combat Hostiles Destroyed 12 | . 2 1 9 Guns 11 | . 2 1 8 Classes Destroyed 5 | . 3 1 1 Hauler 1 | . 1 . . Watcher 1 | . 1 . . Swarmer 1 | . . 1 . Grunt 2 | . 2 . . Subdweller 9 | . . . 9 Best Kill Streak 2 | . 1 1 2 Combat Bots Only 3 | . 1 1 3 Max Kills in Single Turn 1 | . 1 1 1 Gunslinging . | . . . . Exploded . | . . . . Melee . | . . . . Uniques/NPCs Destroyed . | . . . . Combat | -11 -10 -10 -10 -------- Run | Yrd Mat Min Sub Hostile Shots Fired 138 | . 25 . 113 Missed 21 | . 4 . 17 Hits 117 | . 21 . 96 Projectile 117 | . 21 . 96 Critical Strikes 4 | . . . 4 Damage Taken 1507 | . 154 . 1353 Core 259 | . 22 . 237 Absorbed by Shields . | . . . . Ignored by Resistances 898 | . 98 . 800 Core Remaining (%) 100 | 100 . . . Volleys Fired 66 | . 18 1 47 Largest 2 | . 2 2 2 Hottest 53 | . 40 40 53 Shots Fired 112 | . 36 2 74 Gun 112 | . 36 2 74 Cannon . | . . . . Launcher . | . . . . Special . | . . . . Kinetic 112 | . 36 2 74 Thermal . | . . . . Explosive . | . . . . Electromagnetic . | . . . . Robot Hit Streak 39 | . 18 1 39 Robot Miss Streak 1 | . 1 . 1 Penetration Max . | . . . . Secondary Targets 1 | . 1 . . Max Gunslinging Chain 1 | . 1 . . Shots Hit Robots 101 | . 30 1 70 Core Hits 25 | . 8 1 16 Critical Kills 1 | . . . 1 Critical Parts Destroyed 1 | . . . 1 Critical Strikes 3 | . . . 3 Destroy 2 | . . . 2 Smash 1 | . . . 1 Melee Attacks 3 | . . . 3 Impact 3 | . . . 3 Slashing . | . . . . Piercing . | . . . . Sneak Attacks . | . . . . Combat Hostiles . | . . . . Follow-up Attacks . | . . . . Damage Inflicted 1356 | . 382 24 950 Guns 1282 | . 382 13 887 Cannons . | . . . . Explosions . | . . . . Melee 63 | . . . 63 Ramming 11 | . . 11 . Kinetic 1282 | . 382 13 887 Thermal . | . . . . Explosive . | . . . . Electromagnetic . | . . . . Impact 63 | . . . 63 Slashing . | . . . . Piercing . | . . . . Highest Corruption . | . . . . Average Corruption . | . . . . Corruption Purged . | . . . . Corruption Blocked . | . . . . Overload Shots . | . . . . Overflow Damage 17 | . . . 17 Projectiles . | . . . . Explosions . | . . . . Melee 17 | . . . 17 Knockbacks 3 | . . 1 2 Impact 3 | . . 1 2 Kinetic . | . . . . Secondary . | . . . . Self-Inflicted Damage . | . . . . Shots . | . . . . Rammed 1 | . . 1 . Targets Rammed 1 | . . 1 . Kicked . | . . . . Crushed . | . . . . Highest Temperature 165 | . 12 . 165 Average Temperature 34 | . 5 . 56 Received Heat Transfer 974 | . 144 . 830 Siege Activations . | . . . . Martial Activations . | . . . . Shielding Activations . | . . . . Robots Disrupted . | . . . . Combat Hostiles . | . . . . Robots Corrupted 1 | . . . 1 Combat Hostiles 1 | . . . 1 Parts Fried 2 | . . . 2 Impact Corruptions 1 | . . . 1 Robots Melted . | . . . . Combat Hostiles . | . . . . Parts Melted . | . . . . Heat Transferred . | . . . . Parts Sabotaged . | . . . . Parts Stolen . | . . . . Parts Stripped . | . . . . Power Chain Reactions . | . . . . Alert | -11 -10 -10 -10 ------- Run | Yrd Mat Min Sub Maximum Alert Level . | . . . . Low Security (%) 100 | 100 100 100 . Level 1 . | . . . . Level 2 . | . . . . Level 3 . | . . . . Level 4 . | . . . . Level 5 . | . . . . High Security . | . . . . Max Security . | . . . . Peak Influence 37 | . 35 37 . Initial . | . . . . Average 1 | . 2 1 . Influence Increases 164 | . 70 52 42 Destroy 0b10 Robot/C 120 | . 40 40 40 Destroy 0b10 Robot/NC 10 | . 10 . . Destroy Leader 24 | . 14 10 . Allied During Kill 4 | . . 2 2 Successful Hack 6 | . 6 . . Influence Decreases 164 | . 70 52 42 Time Decay 142 | . 70 52 20 Lost Ally 22 | . . . 22 Squads Dispatched . | . . . . Investigation . | . . . . Extermination . | . . . . Reinforcement . | . . . . Assault . | . . . . Garrison . | . . . . Intercept . | . . . . Searches Triggered . | . . . . Construction Impeded . | . . . . Haulers Reinforced . | . . . . Active Scanning Responses . | . . . . Cargo Convoy Interrupts . | . . . . Stealth | -11 -10 -10 -10 --------- Run | Yrd Mat Min Sub Distress Signals . | . . . . Communications Jammed . | . . . . Distress Signals . | . . . . Times Spotted 21 | . 8 2 11 Peak Tracking Total 3 | . 2 2 3 Tactical Retreats 1 | . 1 . . ECM-based Alert Blocks 2 | . 2 . . Traps | -11 -10 -10 -10 ------- Run | Yrd Mat Min Sub Traps Triggered . | . . . . Indirectly . | . . . . Trap Hack Attempts . | . . . . Triggered . | . . . . Disarmed . | . . . . Reprogrammed . | . . . . Reused . | . . . . Traps Extracted . | . . . . Installed . | . . . . Triggered . | . . . . Machines | -11 -10 -10 -10 ---------- Run | Yrd Mat Min Sub Machines Disabled . | . . . . Max in Single Turn . | . . . . Machines Repaired . | . . . . Machines Dismantled . | . . . . Machines Sabotaged . | . . . . Overloaded Fab Kills . | . . . . Hacking | -11 -10 -10 -10 --------- Run | Yrd Mat Min Sub Machines Accessed 3 | . 1 2 . Terminals 2 | . 1 1 . Fabricators . | . . . . Repair Stations . | . . . . Recycling Units . | . . . . Scanalyzers . | . . . . Garrison Access . | . . . . Total Hacks 7 | . 5 2 . Successful 4 | . 2 2 . Failed 3 | . 3 . . Catastrophic . | . . . . Database Lockouts . | . . . . Manual 2 | . 1 1 . Terminals 6 | . 5 1 . Fabricators . | . . . . Repair Stations . | . . . . Recycling Units . | . . . . Scanalyzers . | . . . . Garrison Access . | . . . . Terminal Hacks 2 | . 1 1 . Open Door 1 | . . 1 . Zone Layout 1 | . 1 . . Fabricator Hacks . | . . . . Repair Station Hacks . | . . . . Recycling Unit Hacks . | . . . . Scanalyzer . | . . . . Garrison Access Hacks . | . . . . Unauthorized Hacks 2 | . 1 1 . Terminals 2 | . 1 1 . Botnet 2 | . 1 1 . Fabricators . | . . . . Repair Stations . | . . . . Recycling Units . | . . . . Scanalyzers . | . . . . Garrison Access . | . . . . Data Cores Recovered . | . . . . Used . | . . . . Hacking Detections . | . . . . Full Trace Events . | . . . . Feedback Events . | . . . . Feedback Blocked . | . . . . Robot Schematics Acquired . | . . . . Robots Built . | . . . . Authchips . | . . . . Time . | . . . . Total Robot Build Rating . | . . . . Part Schematics Acquired . | . . . . Parts Built . | . . . . Authchips . | . . . . Time . | . . . . Total Part Build Rating . | . . . . Part Studies Acquired . | . . . . Parts Repaired . | . . . . Time . | . . . . Parts Recycled . | . . . . Recycled Matter . | . . . . Retrieved Matter . | . . . . Retrieved Components . | . . . . Parts Scanalyzed . | . . . . Part Schematics Acquired . | . . . . Parts Damaged . | . . . . Bothacking | -11 -10 -10 -10 ------------ Run | Yrd Mat Min Sub Used RIF Installer . | . . . . Robots Hacked . | . . . . Non-combat . | . . . . Combat . | . . . . Robot Hacks Applied . | . . . . Relay Couplers Released . | . . . . Fabnet Peak Effective % . | . . . . Robots Rewired . | . . . . Allies Hacked . | . . . . Hacks Repelled . | . . . . Allies | -11 -10 -10 -10 -------- Run | Yrd Mat Min Sub Total Allies 4 | . . 3 1 Largest Group 3 | . . 3 3 Highest-Rated Group 40 | . . 40 40 Highest-Rated Ally 16 | . . 16 16 Total Orders 6 | . . . 6 RETURN 6 | . . . 6 Ally Attacks 27 | . . 4 23 Total Damage 199 | . . 20 179 Kills 3 | . . 1 2 Allies Corrupted . | . . . . Allies Melted . | . . . . Intel | -11 -10 -10 -10 ------- Run | Yrd Mat Min Sub Active Infowar (turns) 1850 | 43 412 877 518 ECM 1850 | 43 412 877 518 Robot Analysis Total . | . . . . Derelict Logs Recovered 1 | . . 1 . Drone Launches 22 | . . . 22 Drone Recoveries 21 | . . . 21 Exploration | -11 -10 -10 -10 ------------- Run | Yrd Mat Min Sub Turns Passed 3223 | 68 412 877 1866 Spaces Moved 1408 | 53 202 515 638 Core 66 | 30 . . 36 Treads 1342 | 23 202 515 602 Legs . | . . . . Wheels . | . . . . Hover . | . . . . Flight . | . . . . Fastest Speed 50 | 50 160 160 160 Average Speed 184 | 101 160 160 217 Slowest Speed 400 | 160 160 160 400 Overloaded Moves . | . . . . Propulsion Burnouts . | . . . . Robots Hopped . | . . . . Potential Cave-ins . | . . . . Cave-ins Triggered . | . . . . Exploration Rate (%) 46 | 5 40 99 40 Regions Visited 3 Branch Regions 2 Pre-discovered Areas 1 | . . 1 . Known Exits Taken 3 | 1 1 1 . Unknown Exits Taken . | . . . . Scrap Searched 3 | . . . 3 Spaces Dug . | . . . . Terrain Destroyed . | . . . . Melee . | . . . . Projectile . | . . . . AOE . | . . . . Terrain Rammed . | . . . . Walls Destroyed . | . . . . Machines Disabled . | . . . . Actions | -11 -10 -10 -10 --------- Run | Yrd Mat Min Sub Total 1930 | 66 255 566 1043 Wait 412 | 2 33 49 328 Move 1405 | 52 201 514 638 Hop . | . . . . Pick Up 21 | 5 3 1 12 Fast Attach 4 | 3 . . 1 Attach 10 | 4 . . 6 Detach 1 | . . . 1 Swap 3 | . . . 3 Drop 4 | . . . 4 Fire 66 | . 18 1 47 Melee 3 | . . . 3 Ram . | . . . . Kick . | . . . . Crush 1 | . . 1 . Escape Stasis . | . . . . Rewire . | . . . . Trap . | . . . . Miscellaneous . | . . . . Route ------- -11/Scrapyard -10/Materials (discovered 3 exits: *Mat / *Min x2) -10/Mines (discovered 4 exits: *Mat x2 / *Exi / *Sub) -10/Subcaves History --------- Turn | Location | Event 4 | -11/Scrapyard | Identified exit to Materials 4 | -11/Scrapyard | Discovered exit to Materials (range 16) 69 | -11/Scrapyard | Entered Materials 69 | -10/Materials | Evolved 1 slot: Utility x1 317 | -10/Materials | Build established: Hacker-Mutant 331 | -10/Materials | Identified exit to Materials 331 | -10/Materials | Discovered exit to Materials (range 4) 378 | -10/Materials | Identified exit to Mines 378 | -10/Materials | Discovered exit to Mines (range 15) 443 | -10/Materials | Discovered exit to Mines (range 15) 481 | -10/Materials | Entered Mines 592 | -10/Mines | Assisted by bots powering up and referring to "LRC-V3" 611 | -10/Mines | Discovered exit to Materials (range 5) 705 | -10/Mines | Learned location of Storage (-7) 831 | -10/Mines | Found the Drone Emporium 838 | -10/Mines | Found Prototype Device 847 | -10/Mines | Discovered exit to Materials (range 16) 1202 | -10/Mines | Deemed a non-threat by the Exiles lab entrance 1204 | -10/Mines | Identified exit to Exiles 1204 | -10/Mines | Discovered exit to Exiles (range 5) 1335 | -10/Mines | Identified exit to Subcaves 1335 | -10/Mines | Discovered exit to Subcaves (range 6) 1358 | -10/Mines | Entered Subcaves 1358 | -10/Subcaves | Accompanied by 3 allies 1358 | -10/Subcaves | Identified Splice Drone Bay 1359 | -10/Subcaves | Approached by a straggling Scientist 1400 | -10/Subcaves | Lost 3 allies 1775 | -10/Subcaves | Core integrity fell below 50% 1831 | -10/Subcaves | Lost 5 parts (1p1n1u2w) 2898 | -10/Subcaves | Shifting Twisted Machinery released Sub. Power Source 2906 | -10/Subcaves | Shifting Twisted Machinery released Flamer 2982 | -10/Subcaves | Shifting Twisted Machinery released Flamer 3000 | -10/Subcaves | Shifting Twisted Machinery released Piercing Trap 3077 | -10/Subcaves | Core integrity fell below 20% 3224 | -10/Subcaves | Destroyed by BC-ML2(R) with Subdweller Beam Cannon Last Messages --------------- 02463_ KM-MSQ(u) tweaks Twisted Machinery. Sub. Power Source falls loose from the Twisted Machinery. Flamer falls loose from the Twisted Machinery. 02986_ NO-G80(R) destroyed. Piercing Trap falls loose from the Twisted Machinery. 03025_ RQ-XN9(R) destroyed. 03026_ Lgt. Treads destroyed. 03030_ Lgt. Nuclear Core destroyed. 03034_ WJ-EJS(R) affixes Scrap Shield Fragment to Scrap Shield. 03037_ WJ-EJS(R) destroyed. 03040_ Acquired 39 matter. 03074_ Lgt. Armor Plating destroyed. 03123_ IF-373(R) suffers critical hit (Destroy). 03126_ IF-373(R) destroyed. 03129_ Acquired 50 matter. 03222_ Battle Rifle destroyed. Map ----- +----------------------------------------------------+ | ?????????????????????????????????????????????????? | | ?????????????????????????????????????????????????? | | ?????????????????????????????????????????????????? | | ?????????????????????????????????????????????????? | | ?????????????????????????????????????????????????? | | ?????????????????????????????????????????????????? | | ?????????????????????????????????????????????????? | | ?????????????????????????????????????????????????? | | ?????????????????????????????????????????????????? | | ?????????????????????????????????????????????????? | | ?????????????????????????????????????????????????? | | ?????????????????????????????????????????????????? | | ?????????????????????????????????????????????????? | | ?????????????????????????????????????????????????? | | ?????????????????????????????????????????????????? | | ?????????????????????????????????????????????????? | | ?????????????????????????????????????????????????? | | ?????????????????????????????????????????????????? | | ????? ???????????????????????????????????????????? | | ????? ???????????????????????????????????????????? | | ???## ???????????????????????????????????????????? | | ???? #??? ??????????????????????? #?????????????? | | ????# #?"" ??###???????????????? #??????????????? | | ????# ##"" ?##"##?????????????? ##?????????????? | | ????# #"""?#"""#?????#####?? ##????????????? | | ????#"#""""?# ##???##; @## #????????????? | | ????#"" ""#?#!&* ##### R #??????????????????? | | ???## #&"#### & # # #??????????????????? | | ???# = # !## #!= ### #??????????????????? | | ??##[!##"& " #?#"##??????????????????? | | ??#""]&#%""##"" ###??##???????????????????? | | ??# !##*&"####""##### ##?????????????????????????? | | ?## ####%"""## "#??#" #?????????????????????????? | | ## "#?#""""# ??## ##?????????????????????????? | | """###"" ## "#??#"#??????????????????????????? | | " """""""" ##""""??#" ??????????????????????????? | | # ### """"" "???#" ??????????????????????????? | | ###??# ""| "??? """?????????????????????????? | | ##?????###???" ?????#"""?????????????????????????? | | #?????????????#?????##" "????????????????????????? | | ???????????????????????##????????????????????????? | | ?????????????????????????????????????????????????? | | ?????????????????????????????????????????????????? | | ?????????????????????????????????????????????????? | | ?????????????????????????????????????????????????? | | ?????????????????????????????????????????????????? | | ?????????????????????????????????????????????????? | | ?????????????????????????????????????????????????? | | ?????????????????????????????????????????????????? | | ?????????????????????????????????????????????????? | +----------------------------------------------------+ Best States ------------- Heat Dissipation 25 Energy Generation 15 Energy Capacity 250 Matter Stores 300 Matter Capacity 300 Sight Range 16 Terrain Scan Density 10 ECM Strength 1 Armor Coverage 250 Resistance: KI 35 Resistance: TH 35 Resistance: EX 35 Resistance: EM 35 Resistance: I 35 Resistance: S 35 Resistance: P 35 Evasion (%) 50 Recoil Reduction 2 Offensive Hacking 20 Item Schematics ----------------- None Robot Schematics ------------------ None Fabricated ------------ Nothing Repaired ---------- Nothing Studied --------- None Alien Tech Used ----------------- None Achievements -------------- None Challenges ------------ None Game ------ Seed PortableBlastCompressor Manual? 0 Play Time 00:14:17 Cumulative 134.3 hours Start 2025.11.24 @ 09:10:00 End 2025.11.24 @ 09:22:40 Sessions 1 Manual Loads 0 Difficulty Explorer Special Mode None Game No. 155 Rogue 0 Adventurer 0 Explorer 155 Win Type - Total 0 Types 0/0/0/0/0/0/0/0/0/0 Lore% 68 Gallery% 65 Achievement% 51 Wizard Run 0 Options --------- Layout 1 ASCII 0 Keyboard 0 Movement Mouse Keybinds 0 Fullscreen 1 Font 24/Smallcaps Map View 50x35 Zoom Use 0% Tactical HUD 1 Map Filters NONE Filters NONE Steam 1 RUN: b2e244df-463f-4c43-8c2d-db81e41db974